 Dungeon Crawl Stone Soup version 0.20-a0-556-g892c87b (webtiles) character file.

10495 wazuzu the Cleaver (level 11, -4/138 HPs)
             Began as a Purple Draconian Berserker on Feb 4, 2017.
             Was an Elder of Trog.
             Splashed by a brown ugly thing's acid (9 damage)
             ... on level 11 of the Dungeon.
             The game lasted 00:30:20 (10622 turns).

wazuzu the Cleaver (Purple Draconian Berserker)    Turns: 10622, Time: 00:30:21

Health: -4/138     AC:  0    Str: 25    XL:     11   Next: 36%
Magic:  14/14      EV: 18    Int:  8    God:    Trog [****..]
Gold:   725        SH:  0    Dex: 19    Spells: 10/10 levels left

rFire    . . .     SeeInvis .   y - +2 battleaxe of Victory {chop, +Inv rF- Dex+2}
rCold    . . .     Gourm    .   (armour unavailable)
rNeg     . . .     Faith    .   (shield currently unavailable)
rPois    .         Spirit   .   (helmet restricted)
rElec    .         Reflect  .   (no cloak)
rCorr    .         Harm     .   m - +0 pair of gloves
MR       +++..                  (no boots)
Stlth    ..........             (no amulet)
Regen    1.4/turn               l - ring of protection from fire
                                k - +4 ring of dexterity

@: berserking, corroded, flying, regenerating, very quick
A: breathe power, unfitting armour, antennae 1, big wings, talons 1,
cold-blooded, AC +7
a: Breathe Dispelling Energy, Stop Flying, Berserk, Trog's Hand, Brothers in
Arms, Burn Spellbooks, Renounce Religion, Evoke Invisibility


You were on level 11 of the Dungeon.
You worshipped Trog.
Trog was greatly pleased with you.
You were hungry.

You visited 1 branch of the dungeon, and saw 11 of its levels.
You also visited: Ossuary.

You collected 725 gold pieces.

Inventory:

Hand Weapons
 y - the +2 battleaxe of Victory (weapon) {chop, +Inv rF- Dex+2}
   (You acquired it on level 7 of the Dungeon)

   It inflicts extra damage upon your enemies.
   It affects your dexterity (+2).
   It makes you vulnerable to fire.
   It lets you turn invisible.
Armour
 m - a +0 pair of gloves (worn)
Jewellery
 k - a +4 ring of dexterity (left hand)
 l - a ring of protection from fire (right hand)
 G - an uncursed ring of ice {unknown}
Wands
 B - a wand of confusion (19/48)
 F - a wand of random effects (22/48)
 I - a wand of digging (6/24)
Scrolls
 c - 3 scrolls of enchant armour
 d - 9 scrolls of remove curse
 h - a scroll of fog
 t - 2 scrolls of noise {unknown}
 u - 6 scrolls of teleportation
 A - a scroll of identify
 C - a scroll of blinking
 E - a scroll of magic mapping {unknown}
 H - 2 scrolls of recharging
 J - a scroll of holy word {unknown}
Potions
 a - 2 potions of flight {unknown}
 f - 10 potions of curing
 g - a potion of ambrosia
 i - a potion of brilliance {unknown}
 j - a potion of magic {unknown}
 n - a potion of cancellation
 p - a potion of berserk rage
 q - 2 potions of heal wounds {unknown}
 r - 2 potions of cure mutation {unknown}
 x - a potion of haste {unknown}
 z - a potion of might {unknown}
 L - a potion of degeneration {unknown}
Books
 e - a book of Misfortune

   Spells                             Type                      Level
   a - Confusing Touch                Hexes                        1
   b - Confuse                        Hexes                        3
   c - Gell's Gravitas                Hexes/Translocation          3
   d - Petrify                        Transmutation/Earth          4
   e - Metabolic Englaciation         Hexes/Ice                    5
   f - Yara's Violent Unravelling     Hexes/Transmutation          5
   Trog disapproves of the use of such an item.
 v - a book of Callings

   Spells                             Type                      Level
   a - Summon Small Mammal            Summoning                    1
   b - Call Imp                       Summoning                    2
   c - Call Canine Familiar           Summoning                    3
   d - Summon Guardian Golem          Hexes/Summoning              3
   e - Summon Lightning Spire         Summoning/Air                4
   f - Summon Ice Beast               Ice/Summoning                4
   Trog disapproves of the use of such an item.
 w - a book of Misfortune

   Spells                             Type                      Level
   a - Confusing Touch                Hexes                        1
   b - Confuse                        Hexes                        3
   c - Gell's Gravitas                Hexes/Translocation          3
   d - Petrify                        Transmutation/Earth          4
   e - Metabolic Englaciation         Hexes/Ice                    5
   f - Yara's Violent Unravelling     Hexes/Transmutation          5
   Trog disapproves of the use of such an item.
Miscellaneous
 D - a lightning rod (4/4)
Comestibles
 b - 12 bread rations
 o - 10 royal jellies
 s - 6 meat rations
 K - 3 fruits
 M - 5 chunks of flesh


   Skills:
 + Level 7.4 Fighting
 + Level 14.1 Axes
 + Level 7.5 Dodging
 * Level 5.2 Evocations


You had 10 spell levels left.
You didn't know any spells.

Dungeon Overview and Level Annotations

Branches:
Dungeon (11/15)            Temple (0/1) D:5            Lair (0/6) D:11
    Orc: D:9-12

Altars:
Ashenzari
Cheibriados
Elyvilon
Fedhas
Gozag
Hepliaklqana
Makhleb
Nemelex Xobeh
Okawaru
Sif Muna
Trog
Uskayaw
Xom
Yredelemnul

Shops:
D:6 (


Innate Abilities, Weirdness & Mutations

You can breathe bolts of dispelling energy.
Your rich purple scales are hard. (AC +7)
You cannot fit into any form of body armour.
You are cold-blooded and may be slowed by cold attacks.
You have a pair of small antennae on your head.
Your large and strong wings let you fly indefinitely.
You have sharp toenails.


Message History

Trog accepts your kill. The brown ugly thing claws you!
* * * LOW HITPOINT WARNING * * *
The acid corrodes you!
You are splashed with acid!
The acid burns!
* * * LOW HITPOINT WARNING * * *
A red film seems to cover your vision as you go berserk!
You feel yourself moving faster!
You feel mighty!
You are feeling hungry.
The brown ugly thing barely misses you. The orc closely misses you.
An elephant comes into view.
The elephant trumpets!
You slice the brown ugly thing!! You claw the brown ugly thing.
The brown ugly thing is almost dead.
You hit the orc.
You feel the effects of Trog's Hand fading.
You hear a screech!
The brown ugly thing claws you!
* * * LOW HITPOINT WARNING * * *
You are splashed with acid!
The acid burns!
You die...

.. ## ... .#
..P. ######
.##.P.. #....#
.#.....
##.##J......
###.<)#oY....>
#.....@u#
#.#...###
#.##... .
....## .
.#.#.# #.#
#.#.# ..... ..
..


You could see an elephant, a brown ugly thing, a jelly and an orc.

Vanquished Creatures
  A two-headed ogre (D:9)
  A wolf spider zombie (D:10)
  An ice statue (D:7)
  2 hellwings (D:10)
  3 trolls
  2 hornets (D:9)
  2 hippogriffs
  Sigmund (D:6)
  Eustachio (D:6)
  A basilisk (D:11)
  3 hungry ghosts
  Grum (D:10)
  Edmund (D:6)
  A soldier ant (D:9)
  A water moccasin (D:7)
  4 orc warriors
  2 sky beasts
  2 ice beasts
  A hornet zombie (D:10)
  A black bear (D:9)
  An ogre (D:9)
  3 phantoms
  2 wolves (D:10)
  4 centaurs
  A crocodile (D:10)
  3 big kobolds
  Blork the orc (D:6)
  A gnoll sergeant (D:9)
  6 bullfrogs
  A wyvern skeleton (D:10)
  4 scorpions
  5 centaur zombies
  5 crimson imps
  4 hounds
  2 human zombies (Ossuary)
  10 orc priests
  A bullfrog skeleton (D:7)
  3 jellies
  7 worker ants
  5 iguanas
  8 orc wizards
  3 hound zombies
  A hound skeleton (D:5)
  4 mummies (Ossuary)
  12 adders
  10 gnolls
  6 shadow imps
  3 adder zombies (Ossuary)
  An adder skeleton (D:4)
  A worm (D:3)
  3 dart slugs
  3 leopard geckos
  37 orcs
  5 bats
  6 giant cockroaches
  A gnoll zombie (Ossuary)
  10 goblins
  14 hobgoblins
  6 jackals
  8 quokkas
  4 frilled lizards
  2 hobgoblin zombies (Ossuary)
  A jackal zombie (D:4)
  23 kobolds
  3 kobold zombies (Ossuary)
  A leopard gecko zombie (D:9)
  An orc zombie (Ossuary)
  8 rats
  A spectral orc (D:8)
287 creatures vanquished.

Notes
Turn   | Place    | Note
-------+----------+-------------------------------------------
     0 | D:1      | wazuzu the Draconian Berserker began the quest for the Orb.
     0 | D:1      | Reached XP level 1. HP: 19/19 MP: 1/1
   144 | D:1      | Reached XP level 2. HP: 22/26 MP: 2/2
   548 | D:1      | Reached skill level 4 in Axes
   613 | D:1      | Reached ** piety under Trog
   803 | D:1      | Reached XP level 3. HP: 28/31 MP: 3/3
  1337 | D:2      | Found an iron altar of Okawaru.
  1616 | D:2      | Reached XP level 4. HP: 38/38 MP: 4/4
  1618 | D:2      | Reached skill level 5 in Axes
  1737 | D:2      | Found a faded altar of an unknown god.
  2167 | D:3      | Found a white marble altar of Elyvilon.
  2483 | D:3      | Found a blossoming altar of Fedhas.
  2668 | D:3      | Reached XP level 5. HP: 39/45 MP: 5/5
  3021 | D:4      | Found a shimmering altar of Xom.
  3047 | D:4      | Reached *** piety under Trog
  3047 | D:4      | Reached skill level 6 in Axes
  3105 | D:4      | Found a sand-covered staircase.
  3126 | D:4      | Gained mutation: You have a pair of small antennae on your head. [potion of mutation]
  3126 | D:4      | Gained mutation: You are dopey. (Int -2) [potion of mutation]
  3126 | D:4      | Gained mutation: Your large and strong wings let you fly indefinitely. [potion of mutation]
  3129 | Ossuary  | Entered an ossuary
  3147 | Ossuary  | Reached XP level 6. HP: 45/51 MP: 6/6
  3148 | Ossuary  | Reached skill level 7 in Axes
  3893 | D:5      | Entered Level 5 of the Dungeon
  3893 | D:5      | Found a sparkling altar of Nemelex Xobeh.
  3894 | D:5      | Gained mutation: You have sharp toenails. [potion of mutation]
  3894 | D:5      | Lost mutation: You are dopey. (Int -2) [potion of mutation]
  4048 | D:5      | Found a blossoming altar of Fedhas.
  4048 | D:5      | Found a hide-covered altar of Uskayaw.
  4048 | D:5      | Found a hide-covered altar of Uskayaw.
  4048 | D:5      | Found a burning altar of Makhleb.
  4048 | D:5      | Found a snail-covered altar of Cheibriados.
  4053 | D:5      | Found a bloodstained altar of Trog.
  4053 | D:5      | Found a sparkling altar of Nemelex Xobeh.
  4054 | D:5      | Found a sparkling altar of Nemelex Xobeh.
  4054 | D:5      | Found a blossoming altar of Fedhas.
  4054 | D:5      | Found a deep blue altar of Sif Muna.
  4055 | D:5      | Found an opulent altar of Gozag.
  4055 | D:5      | Found a basalt altar of Yredelemnul.
  4108 | D:5      | Noticed an ice beast
  4122 | D:5      | Killed an ice beast
  4122 | D:5      | Reached skill level 8 in Axes
  4122 | D:5      | Your scales start taking on a rich purple colour.
  4122 | D:5      | Reached XP level 7. HP: 57/57 MP: 7/7
  4159 | D:5      | Found a shattered altar of Ashenzari.
  4212 | D:5      | Found a staircase to the Ecumenical Temple.
  4798 | D:5      | Reached skill level 9 in Axes
  5209 | D:6      | Noticed Blork the orc
  5218 | D:6      | Killed Blork the orc
  5354 | D:6      | Noticed Eustachio
  5360 | D:6      | Killed Eustachio
  5360 | D:6      | Reached skill level 10 in Axes
  5360 | D:6      | Reached XP level 8. HP: 39/63 MP: 8/8
  5661 | D:6      | Noticed Sigmund
  5672 | D:6      | Killed Sigmund
  5672 | D:6      | Reached skill level 11 in Axes
  5705 | D:6      | Found Puqez's Weapon Shop.
  5983 | D:6      | Noticed Edmund
  5989 | D:6      | Killed Edmund
  5989 | D:6      | Reached XP level 9. HP: 70/70 MP: 9/9
  6011 | D:6      | Reached **** piety under Trog
  6095 | D:6      | Reached skill level 12 in Axes
  6118 | D:7      | Identified a scroll of acquirement
  6119 | D:7      | Got a polished battleaxe
  6120 | D:7      | Identified the +2 battleaxe of Victory {chop, +Inv rF- Dex+2} (You acquired it on level 7 of the Dungeon)
  6394 | D:7      | Noticed an ice statue
  6407 | D:7      | Killed an ice statue
  6601 | D:7      | Reached skill level 13 in Axes
  7157 | D:8      | Found a basalt altar of Yredelemnul.
  7345 | D:8      | Found a basalt altar of Yredelemnul.
  7692 | D:8      | Found a hazy altar of Hepliaklqana.
  7806 | D:9      | Reached XP level 10. HP: 78/80 MP: 10/10
  7844 | D:9      | Reached ***** piety under Trog
  7848 | D:9      | Reached skill level 5 in Dodging
  7942 | D:9      | Reached skill level 5 in Fighting
  8481 | D:9      | Received a gift from Trog
  8793 | D:9      | Noticed a two-headed ogre
  8805 | D:9      | Killed a two-headed ogre
  9321 | D:10     | Entered Level 10 of the Dungeon
  9534 | D:10     | Reached skill level 1 in Evocations
  9614 | D:10     | Noticed Grum
  9620 | D:10     | Killed Grum
  9721 | D:10     | Reached XP level 11. HP: 32/91 MP: 11/13
  9727 | D:10     | Reached skill level 14 in Axes
 10498 | D:10     | Reached skill level 5 in Evocations
 10616 | D:11     | Found a staircase to the Lair.
 10616 | D:11     | Noticed a brown ugly thing
 10622 | D:11     | HP: 5/138 [brown ugly thing (9)]
 10622 | D:11     | Splashed by a brown ugly thing's acid

Vault maps used:
D:1:      lightli_arrival_statue_moat, kennysheep_boxes
D:2:      lemuel_crystal_altar, chequers_ecumenical_altar_grove,
          nrook_loot_triangle, serial_bayou_ford_a
D:3:      kennysheep_the_goblin_king, fedhas_altar_1, elyvilon_altar_1
D:4:      cheibrodos_quashed, first_bread, enter_ossuary_3, xom_teletrap_fun
D:5:      nemelex_xobeh_ov_fountains_minmay, nicolae_ashenzari_panopticon,
          temple_doors_ab
D:6:      nicolae_whirlpool, serial_shops, shop, bh_walls_and_bars, uniq_edmund,
          uniq_blork_the_orc, uniq_eustachio, uniq_sigmund
D:7:      lemuel_ice_statue
D:8:      yredelemnul_forgotten_temple_becter, nicolae_overflow_hidden_temple,
          basic_altar
D:9:      hangedman_pestilent_swarm
D:10:     cheibrodos_grave_circle, uniq_grum
D:11:     david_lair_generic, portal_ice_cave_rime, grunt_decor_resistance,
          trog_ov_bears_minmay, uniq_erolcha, uniq_urug
Ossuary:  ossuary_minmay_tomb_2a

Skill      XL: |  1  2  3  4  5  6  7  8  9 10 11 |
---------------+----------------------------------+-----
Axes           | 4 5 6 8 10 11 13 14 | 14.1
Dodging        | 4 7 |  7.5
Fighting       | 4 6 7 |  7.4
Evocations     | 3 5 |  5.2

Action                   |  1- 3 |  4- 6 |  7- 9 | 10-12 || total
-------------------------+-------+-------+-------+-------++-------
Melee: Hand axe          |   112 |   177 |   149 |       ||   438
       Tailslap          |     9 |    25 |    48 |    35 ||   117
       Kick              |       |     7 |    85 |    73 ||   165
       Battleaxe         |       |       |    98 |   209 ||   307
Invok: Berserk           |     1 |     7 |    12 |     8 ||    28
       Trog's Hand       |       |     2 |     2 |     2 ||     6
 Abil: Fly               |       |     1 |       |       ||     1
       Breathe Dispellin |       |       |     3 |       ||     3
  Use: Scroll            |     5 |     9 |     3 |     1 ||    18
       Potion            |       |     3 |       |       ||     3
 Stab: Sleeping          |     1 |     1 |     4 |     1 ||     7
  Eat: Chunk             |     2 |    14 |    21 |    12 ||    49
       Fruit             |       |     1 |     3 |     3 ||     7
       Royal jelly       |       |       |     1 |     2 ||     3
Armor: Skin              |    39 |    41 |    60 |    45 ||   185
Dodge: Dodged            |    71 |   115 |   139 |   223 ||   548
